 Dungeon Crawl Stone Soup version 0.20.1-1-g8b1a95d (webtiles) character file.

1360 Marthos the Thaumaturge (level 8, -8/52 HPs)
             Began as a Mummy Summoner on Dec 6, 2017.
             Was an Initiate of Sif Muna.
             Shot with an arrow by a centaur (12 damage)
             ... on level 6 of the Dungeon.
             The game lasted 00:16:16 (7699 turns).

Marthos the Thaumaturge (Mummy Summoner)            Turns: 7699, Time: 00:16:17

Health: -8/52      AC:  8    Str: 14    XL:     8   Next: 37%
Magic:  7/20       EV: 12    Int: 17    God:    Sif Muna [......]
Gold:   341        SH:  0    Dex: 12    Spells: 18/24 levels left

rFire    . . .     SeeInvis .   o - +0 dagger (drain)
rCold    . . .     Gourm    .   (no shield)
rNeg     + + +     Faith    .   p - +2 robe
rPois    ∞         Spirit   .   n - +0 helmet
rElec    .         Reflect  .   (no cloak)
rCorr    .         Harm     .   q - +2 pair of gloves {Str+3}
MR       +....                  (no boots)
Stlth    ++........             (no amulet)
Regen    0.2/turn               u - ring of fire
MPRegen  0.2/turn               (no ring)

@: no status effects
A: no food or potions, fire vulnerability, cold resistance 1, negative energy
resistance 3, torment resistance, unbreathing
a: Renounce Religion


You were on level 6 of the Dungeon.
You worshipped Sif Muna.
Sif Muna was noncommittal.
You were not hungry.

You visited 2 branches of the dungeon, and saw 7 of its levels.
You also visited: Sewer.

You collected 341 gold pieces.

Inventory:

Hand Weapons
 o - a +0 dagger of draining (weapon)
Armour
 k - a +0 pair of gloves
 n - a +0 helmet (worn)
 p - a +2 robe (worn)
 q - a +2 pair of gloves of strength (worn)
Jewellery
 u - a ring of fire (left hand)
 v - an uncursed ring of flight {unknown}
Wands
 h - a wand of acid (5/15)
 m - a wand of confusion (26/48)
 t - a wand of polymorph (6/24)
 w - a wand of clouds (2/9)
Scrolls
 a - a scroll of enchant weapon {unknown}
 c - 4 scrolls of teleportation {unknown}
 d - a scroll of immolation {unknown}
 e - 4 scrolls of identify {unknown}
 f - a scroll of fog {unknown}
 g - 3 scrolls of amnesia {unknown}
 j - a scroll of recharging {unknown}
 l - a scroll of random uselessness {unknown}
 r - 2 scrolls of blinking {unknown}
 s - a scroll of remove curse {unknown}
Books
 b - a book of Callings

   Spells                             Type                      Level
   a - Summon Small Mammal            Summoning                    1
   b - Call Imp                       Summoning                    2
   c - Call Canine Familiar           Summoning                    3
   d - Summon Guardian Golem          Hexes/Summoning              3
   e - Summon Lightning Spire         Summoning/Air                4
   f - Summon Ice Beast               Ice/Summoning                4
 i - a book of Cantrips

   Spells                             Type                      Level
   a - Confusing Touch                Hexes                        1
   b - Animate Skeleton               Necromancy                   1
   c - Summon Small Mammal            Summoning                    1
   d - Apportation                    Translocation                1


   Skills:
 - Level 1.5 Dodging
 - Level 1.5 Stealth
 * Level 8.7 Spellcasting
 * Level 7.2 Summonings


You had 18 spell levels left.
You knew the following spells:

 Your Spells              Type           Power        Failure   Level  Hunger
a - Summon Small Mammal   Summ           ####         1%          1    N/A
b - Call Imp              Summ           ####....     1%          2    N/A
c - Call Canine Familiar  Summ           ####....     1%          3    N/A

Dungeon Overview and Level Annotations

Branches:
Dungeon (6/15)             Temple (1/1) D:6

Altars:
Dithmenos
Elyvilon
Gozag
Hepliaklqana
Kikubaaqudgha
Okawaru
Ru
Sif Muna
Trog
Uskayaw
Xom
Yredelemnul
Zin
The Shining One

Shops:
D:5 *


Innate Abilities, Weirdness & Mutations

You do not eat or drink.
Your flesh is vulnerable to fire.
You are immune to poison.
Your flesh is cold resistant. (rC+)
You are immune to negative energy. (rN+++)
You are immune to unholy pain and torment.
You can survive without breathing.


Message History

r - Retreat! s - Stop attacking. g - Guard the area. f - Follow me.
Anything else - Cancel.
Gang up on whom?
Press: ? - help, Dir - move target cursor, f - centaur
Aim: a centaur, wielding a shortbow Attack!
The centaur shoots an arrow.
The arrow hits you.
* * * LOW HITPOINT WARNING * * *
You swap places.
The centaur shoots an arrow.
The arrow hits your hound!
Things that are here:
a giant spiked club; an ogre corpse The centaur shoots an arrow.
The arrow closely misses your shadow imp.
The arrow hits you!
* * * LOW HITPOINT WARNING * * *
Your iron imp hits the centaur!
Your hound closely misses the centaur.
The centaur shoots an arrow.
The arrow completely misses your shadow imp.
The arrow hits you!
You die...

....#.#(# #...##
#.....## ######J##
#....###...### ###
#.#..#....## #.
######.#......## #..
..........#### .. .#
#.####.......####.#
...##.##(.5h..##..##..
#........5(c.####.##.#
#####.....!.....@###.#
#.##.#
..........####..5).#.#
#....#### .# #.
#..(#.#.## ##%#....#
.# #.####.......<..
#.####<. .#
#..#...###.#.##c #.#
### .##
##..#.#.###.#.# ..#
..# #.............#
... .(##
##...#...###.### ..##
...# #...#.).## .#


You could see a centaur, a friendly hound, a friendly iron imp, a friendly
crimson imp and a friendly shadow imp.

Vanquished Creatures
  A phantom (D:5)
  A scorpion (D:6)
  An orc wizard (D:4)
  An orc priest (D:5)
  A worker ant (D:5)
  2 adders
  A gnoll (D:4)
  4 oozes
  4 worms
  5 leopard geckos
  An orc (D:5)
  A ball python (Sewer)
  2 bats
  A giant cockroach (D:1)
  9 goblins
  6 hobgoblins
  4 jackals (D:3)
  5 frilled lizards
  5 kobolds
  A leopard gecko skeleton (D:3)
  A quokka skeleton (D:5)
  8 rats
  A butterfly (D:6)
66 creatures vanquished.

Vanquished Creatures (collateral kills)
  The ghost of yogakurto the Ducker, a novice DrFi of Uskayaw (D:4)
  A slime creature (D:6)
  Sigmund (D:3)
  A sky beast (D:4)
  2 ogres
  6 big kobolds
  A water moccasin zombie (D:5)
  A scorpion (D:4)
  2 jellies
  2 hounds
  An orc wizard (D:5)
  Ijyb (D:3)
  A worker ant (D:6)
  A hound zombie (D:6)
  A hound skeleton (D:5)
  3 gnolls (D:4)
  9 adders
  A howler monkey skeleton (D:4)
  4 river rats
  A shadow imp (D:5)
  5 oozes
  4 worms
  2 leopard geckos
  3 orcs
  6 bats
  A giant cockroach (D:4)
  11 goblins
  7 hobgoblins
  4 jackals (D:3)
  4 ball pythons
  15 kobolds
  4 rats
  A butterfly (D:6)
108 creatures vanquished.

Vanquished Creatures (others)
  3 fungi (D:6)
  8 toadstools (D:6)
11 creatures vanquished.

Grand Total: 185 creatures vanquished

Notes
Turn   | Place    | Note
-------+----------+-------------------------------------------
     0 | D:1      | Marthos the Mummy Summoner began the quest for the Orb.
     0 | D:1      | Reached XP level 1. HP: 13/13 MP: 4/4
   332 | D:1      | Reached XP level 2. HP: 19/19 MP: 5/5
   353 | D:1      | Learned a level 2 spell: Call Imp
   358 | D:1      | Reached skill level 3 in Spellcasting
  1582 | D:2      | Reached XP level 3. HP: 21/24 MP: 5/7
  2373 | D:2      | Learned a level 3 spell: Call Canine Familiar
  2398 | D:2      | Reached XP level 4. HP: 6/30 MP: 2/9
  2822 | D:3      | Reached skill level 4 in Spellcasting
  3186 | D:3      | Noticed Ijyb
  3202 | D:3      | Killed Ijyb
  3629 | D:3      | Found an iron altar of Okawaru.
  3810 | D:3      | Noticed Sigmund
  4042 | D:3      | Killed Sigmund
  4042 | D:3      | Reached skill level 5 in Spellcasting
  4042 | D:3      | Reached XP level 5. HP: 35/35 MP: 3/12
  4128 | D:4      | Found a glowing drain.
  4145 | Sewer    | Entered a sewer
  4384 | Sewer    | Reached skill level 5 in Summonings
  4417 | Sewer    | Reached XP level 6. HP: 30/41 MP: 4/14
  5106 | D:4      | Noticed yogakurto's ghost (novice DrFi)
  5119 | D:4      | Reached skill level 6 in Spellcasting
  5151 | D:4      | Killed yogakurto's ghost
  5151 | D:4      | Reached XP level 7. HP: 22/46 MP: 4/16
  5333 | D:4      | Found an ancient bone altar of Kikubaaqudgha.
  5464 | D:4      | Found an opulent altar of Gozag.
  5533 | D:4      | Found a glowing golden altar of the Shining One.
  5665 | D:4      | Reached skill level 7 in Spellcasting
  5919 | D:5      | Entered Level 5 of the Dungeon
  5984 | D:5      | Found Geeg's General Store.
  6212 | D:5      | Found a sacrificial altar of Ru.
  6958 | D:6      | Reached XP level 8. HP: 42/52 MP: 16/19
  6970 | D:6      | Found a staircase to the Ecumenical Temple.
  6991 | Temple   | Entered the Ecumenical Temple
  7030 | Temple   | Became a worshipper of Sif Muna the Loreminder
  7077 | D:6      | Found a basalt altar of Yredelemnul.
  7261 | D:6      | Reached skill level 8 in Spellcasting
  7510 | D:6      | Noticed a slime creature
  7546 | D:6      | Killed a slime creature
  7699 | D:6      | Shot with an arrow by a centaur

Skill      XL: |  1  2  3  4  5  6  7  8 |
---------------+-------------------------+-----
Spellcasting   | 3 5 6 7 8 |  8.7
Summonings     | 4 5 6 7 |  7.2
Dodging        | |  1.5
Stealth        | |  1.5

Action                   |  1- 3 |  4- 6 |  7- 9 || total
-------------------------+-------+-------+-------++-------
Melee: Short sword       |    94 |    53 |       ||   147
       Unarmed           |     4 |       |       ||     4
       Dagger            |       |   133 |   133 ||   266
 Cast: Summon Small Mamm |     8 |       |       ||     8
       Call Imp          |    33 |    28 |    27 ||    88
       Call Canine Famil |     1 |    27 |    21 ||    49
 Stab: Sleeping          |     2 |     1 |     2 ||     5
       Distracted        |       |     1 |     2 ||     3
Armor: Robe              |    34 |    67 |    59 ||   160
Dodge: Dodged            |    87 |   155 |    85 ||   327
